cohdb
Replays
Latest Replays
All Replays
Popular Replays
Top Player Replays
Match Explorer
How It Works
Community
CoH3 Stats
Reddit
Sign in to upload your games and track your stats! →
Sign in with Steam
Match 45384984
Unlisted
Match 45384984
Overview
Messages
Build Orders
End
Scout Squad
Construct Barracks
Riflemen Squad
Riflemen Squad
1⁄4-ton 4x4 Truck
Construct Medical Station
Selects Advanced Infantry Battlegroup
Selects Artillery Observers
Infantry Support Center
Construct Weapon Support Center
M1919 Machine Gun Team
Selects Convert to Ranger Squad
Convert to Ranger Squad
M3 Armored Personnel Carrier
Advanced Logistics
M1919 Machine Gun Team
Construct Tank Depot
Selects Designate Assault Position
Selects Infantry Assault
Infantry Assault
M4A1 Sherman Medium Tank
Convert to Ranger Squad
Engineer Squad
Selects M2A1 105mm Howitzer Emplacement
Infantry Assault
M18 Hellcat Tank Destroyer
Engineer Squad
Nostalgi@
Sticket
0
0
Comments
sign in to comment!
No comments posted yet!